 Dungeon Crawl Stone Soup version 0.20.1-1-g8b1a95d (webtiles) character file.

142865 OneorTwo the Warrior (level 16, -4/155 HPs)
             Began as a Minotaur Berserker on July 27, 2017.
             Was a High Priest of Trog.
             Slain by a redback (18 damage)
             ... on level 1 of the Spider Nest on July 28, 2017.
             The game lasted 04:47:09 (33066 turns).

OneorTwo the Warrior (Minotaur Berserker)          Turns: 33066, Time: 04:47:10

Health: -4/155     AC:  0    Str: 26 (29) XL:     16   Next: 81%
Magic:  7/7        EV: 12    Int: 10      God:    Trog [*****.]
Gold:   2535       SH:  6    Dex: 17      Spells: 15/15 levels left

rFire    + + .     SeeInvis .   u - +3 morningstar (antimagic)
rCold    . . .     Gourm    .   X - +0 buckler
rNeg     + . .     Faith    .   H - +2 plate armour {rF+}
rPois    .         Spirit   .   (helmet restricted)
rElec    .         Reflect  .   n - scarf of Beyond {Int+2 Dex+7}
rCorr    .         Harm     .   p - +2 pair of gloves
MR       +++..                  x - +0 pair of boots
Stlth    ..........             w - amulet of regeneration
Regen    1.8/turn               v - ring of Iroij {rF+ Int+4}
MPRegen  0.1/turn               d - ring of positive energy

@: lethally poisoned (-4 -> -8), corroded, very slightly contaminated,
regenerating
A: retaliatory headbutt, horns 2, sense surroundings 1
a: Berserk, Trog's Hand, Brothers in Arms, Burn Spellbooks, Renounce Religion


You were on level 1 of the Spider Nest.
You worshipped Trog.
Trog was extremely pleased with you.
You were not hungry.

You visited 4 branches of the dungeon, and saw 24 of its levels.
You also visited: Sewer and Ice Cave.

You collected 2731 gold pieces.
You spent 196 gold pieces at shops.

Inventory:

Hand Weapons
 l - the +8 hunting sling of World's End {speed, Str-5 Int+3 Dex+2 SInv}
   (You acquired it on level 13 of the Dungeon)

   Attacks with this weapon are significantly faster.
   It affects your strength (-5).
   It affects your intelligence (+3).
   It affects your dexterity (+2).
   It lets you see invisible.
 u - a +3 antimagic morningstar (weapon)
Missiles
 e - 607 stones (quivered)
 C - 188 sling bullets
 F - 4 throwing nets
Armour
 n - the scarf of Beyond (worn) {Int+2 Dex+7}
   (You acquired it on level 13 of the Dungeon)

   It affects your intelligence (+2).
   It affects your dexterity (+7).
 p - a +2 pair of gloves (worn)
 x - a +0 pair of boots (worn)
 A - a scarf of resistance
 H - a +2 plate armour of fire resistance (worn)
 X - a +0 buckler (worn)
Jewellery
 d - a ring of positive energy (right hand)
 v - the ring of Iroij (left hand) {rF+ Int+4}
   (You acquired it on level 6 of the Lair of Beasts)

   [ring of intelligence]

   It affects your intelligence (+4).
   It protects you from fire.
 w - an amulet of regeneration (around neck)
 G - an uncursed ring of protection from cold
 U - an uncursed ring of see invisible
 Y - an uncursed ring of resist corrosion
Wands
 g - a wand of polymorph (19/24)
 j - a wand of paralysis (6/24)
 s - a wand of lightning (10/15)
 B - a wand of flame (8/48)
 E - a wand of digging (8/24)
 J - a wand of lightning (9/15)
 K - a wand of iceblast (2/15)
 L - a wand of iceblast (10/15)
 M - a wand of confusion (39/48)
 P - a wand of iceblast (8/15)
 Q - a wand of enslavement (14/24)
 T - a wand of clouds (4/9)
 V - a wand of acid (8/15)
Scrolls
 k - 2 scrolls of remove curse
 q - a scroll of blinking
 r - 5 scrolls of teleportation
 t - 6 scrolls of fear
 y - 9 scrolls of enchant weapon
 N - a scroll of holy word
Potions
 a - a potion of invisibility
 f - 3 potions of heal wounds
 h - 5 potions of lignification
 i - 5 potions of curing
 m - 2 potions of agility
 D - a potion of haste
 O - 6 potions of flight
 R - 4 potions of might
Miscellaneous
 S - a phantom mirror
 W - a phial of floods
Comestibles
 b - 13 fruits
 c - 18 bread rations
 o - 2 chunks of flesh
 z - 5 royal jellies
 I - 7 meat rations


   Skills:
 + Level 17.4 Fighting
 - Level 16.8 Maces & Flails
 - Level 15.0 Slings
 - Level 1.3(9.4) Throwing
 * Level 14.2 Armour
 * Level 7.8 Dodging
 + Level 2.6 Stealth
 * Level 8.0 Shields
 * Level 8.2 Evocations


You had 15 spell levels left.
You didn't know any spells.

Dungeon Overview and Level Annotations

Branches:
Dungeon (15/15)            Temple (0/1) D:7            Lair (6/6) D:8
  Swamp (0/4) Lair:3       Spider (1/4) Lair:2        Slime (0/5) Lair:6
    Orc (2/2) D:9             Elf (0/3) Orc:2        Vaults (0/5) D:13
 Depths (0/5) D:15

Altars:
Cheibriados
Fedhas
Hepliaklqana
Qazlal
Trog
Uskayaw
Jiyva

Shops:
D:5 (   D:7 [*?(   Orc:2 *[%((

Portals:
Trove: D:13 (give +5 fire dragon scales)


Innate Abilities, Weirdness & Mutations

You reflexively headbutt those who attack you in melee.
You have a pair of horns on your head.
You passively map a small area around you.


Message History

* * * LOW HITPOINT WARNING * * *
Blink to where?
Press: ? - help, Dir - move target cursor
As you read the scroll of blinking, it crumbles to dust.
You feel sick.
You feel better. The redback barely misses you.
The entropy weaver mumbles some strange words.
The entropic weave corrodes you! The redback misses you. The redback bites you.
* * * LOW HITPOINT WARNING * * *
You are poisoned.
The redback poisons you!
There is a crawl-hole back to the Lair here.
You feel very sick. The redback bites you!
* * * LOW HITPOINT WARNING * * *
The redback bites you!!
You die...

§..###a....#....[...#.....##.....
#..#.....######.....##....##.....
#..##.^...##..##....##..=..##....
#..#####......###...##...!####...
#..^# #......## #.###....##..####
#...####...^## #####....#.^....#
######.#...†# ####.#.....##.....#
#.###.....^.###.#..#......#.....#
...###.....†##a.@..#.....###....#
....###........s.>......##.##....
....#.................####..##...
....#..........###...##..#...#...
.[..^.........##.....#.......##..
##............#......#........###
##....>......##....^#........#..
###..........#####.........###..
#......###......,#.........#....


You could see an entropy weaver and a redback.

Vanquished Creatures
  Rupert (Lair:6)
  Kirke (D:15)
  The ghost of Sharkie the Protected, a journeyman MiFi of Uskayaw (Orc:2)
  Nessos (D:15)
  Azrael (D:12)
  5 dire elephants
  The ghost of ikselatri the Fighter, a journeyman MiBe of Trog (D:15)
  2 minotaurs (D:13)
  Josephine (D:12)
  Harold (Lair:4)
  A vault guard (D:13)
  12 hydras
  A centaur warrior (D:11)
  2 dancing weapons (D:13)
  A tengu warrior (D:15)
  17 two-headed ogres
  An anaconda (Lair:6)
  2 ogre magi (Orc:2)
  9 death yaks
  Nergalle (Orc:1)
  4 skeletal warriors
  2 deep trolls (Orc:2)
  4 unseen horrors
  Pikel (D:4)
  A swamp dragon (Lair:3)
  2 wolf spider zombies
  6 deep elf magi
  An orb spider (Spider:1)
  An oklob plant (Lair:5)
  9 wolf spiders
  12 ugly things
  2 manticores
  20 elephants
  A moth of wrath (Spider:1)
  7 cyclopes
  Maurice (Orc:1)
  An ice statue (IceCv)
  6 black mambas
  Psyche (D:8)
  3 gargoyles
  7 spiny frogs
  13 yaktaurs
  A rime drake (shapeshifter) (D:13)
  11 komodo dragons
  2 demonic crawlers (Spider:1)
  3 rime drakes (Lair:6)
  A tengu conjurer (D:15)
  14 trolls
  11 polar bears
  3 meliai (D:15)
  2 hornets
  A meliai (shapeshifter) (D:14)
  A wolf spider simulacrum (D:15)
  6 jumping spiders (Spider:1)
  A harpy skeleton (D:14)
  4 slime creatures
  21 blink frogs
  5 hippogriffs
  A shadow (D:15)
  23 redbacks
  2 water elementals (D:13)
  A spriggan (D:10)
  9 tarantellas
  3 wyverns
  A centaur simulacrum (D:15)
  A vampire (D:13)
  2 hogs (D:15)
  4 wraiths (D:12)
  82 yaks
  A fire elemental (D:12)
  2 humans
  3 basilisks
  A steam dragon (D:11)
  2 hungry ghosts
  4 vampire mosquitoes (D:15)
  2 wargs (Orc:1)
  18 water moccasins
  10 porcupines
  6 hell hounds
  3 slaves (D:4)
  2 ice beasts
  Purgy (Sewer)
  16 orc warriors
  3 sky beasts
  A black bear (D:9)
  2 necrophages
  25 wolves
  3 phantoms
  21 ogres
  5 centaurs
  18 crocodiles
  A big kobold (D:13)
  19 bullfrogs
  A wyvern skeleton (D:12)
  8 scorpions
  8 wights
  6 killer bees (D:10)
  4 howler monkeys
  4 electric eels
  4 crimson imps
  A wyvern simulacrum (D:14)
  4 quasits
  8 centaur zombies
  A hound (D:14)
  A bullfrog zombie (D:5)
  3 jellies
  16 orc priests
  21 orc wizards
  4 centaur skeletons
  5 bullfrog skeletons
  8 iguanas
  7 worker ants
  A killer bee zombie (D:5)
  2 hound zombies (D:5)
  2 hound skeletons
  3 worker ant zombies (D:5)
  14 gnolls
  15 adders
  A river rat (D:3)
  7 shadow imps
  16 white imps
  An ufetubus (D:14)
  An ooze (D:2)
  An adder zombie (D:11)
  An adder skeleton (D:8)
  3 worms
  4 dart slugs
  7 leopard geckos
  83 orcs
  5 bats
  5 giant cockroaches
  3 goblins (D:3)
  5 hobgoblins
  19 jackals
  10 kobolds
  A quokka (D:10)
  3 ball pythons
  5 frilled lizards
  A jackal skeleton (D:8)
  A leopard gecko zombie (D:5)
  A quokka zombie (D:5)
  8 rats
  A bush (Lair:5)
  4 plants (Lair:6)
900 creatures vanquished.

Vanquished Creatures (collateral kills)
  A frost giant (IceCv)
  2 dire elephants (Lair:6)
  A death yak (Lair:5)
  A polar bear (IceCv)
5 creatures vanquished.

Vanquished Creatures (others)
  A death yak (IceCv)
  2 polar bears (IceCv)
  3 yaks (IceCv)
  A human (D:15)
  A slave (D:4)
  9 wolves (IceCv)
  2 orcs (D:4)
  A bush (Lair:3)
  27 fungi
  17 plants
64 creatures vanquished.

Grand Total: 969 creatures vanquished

Notes
Turn   | Place    | Note
-------+----------+-------------------------------------------
     0 | D:1      | OneorTwo the Minotaur Berserker began the quest for the Orb.
     0 | D:1      | Reached XP level 1. HP: 19/19 MP: 0/0
   670 | D:2      | Reached XP level 2. HP: 27/27 MP: 1/1
   711 | D:2      | Reached skill level 1 in Stealth
   732 | D:1      | Reached XP level 3. HP: 21/33 MP: 2/2
  1128 | D:2      | Reached ** piety under Trog
  1266 | D:2      | Reached XP level 4. HP: 40/40 MP: 3/3
  1374 | D:2      | Reached skill level 1 in Slings
  1502 | D:2      | Reached skill level 4 in Fighting
  1763 | D:3      | Found a glowing drain.
  1845 | D:3      | Reached XP level 5. HP: 46/46 MP: 4/4
  1915 | Sewer    | Entered a sewer
  1975 | Sewer    | Noticed Purgy
  1977 | Sewer    | Killed Purgy
  1977 | Sewer    | Reached skill level 5 in Maces & Flails
  2068 | D:3      | Gained mutation: Your spells are a little harder to cast, but a little more powerful. [potion of mutation]
  2068 | D:3      | Gained mutation: Your mind is acute. (Int +2) [potion of mutation]
  2068 | D:3      | Gained mutation: You are covered in fur. (AC +1) [potion of mutation]
  2689 | D:3      | Reached XP level 6. HP: 45/53 MP: 5/5
  3091 | D:4      | Reached *** piety under Trog
  3208 | D:4      | Noticed a slave
  3210 | D:4      | Noticed a slave
  3211 | D:4      | Noticed Pikel
  3211 | D:4      | Noticed a slave
  3246 | D:4      | Killed a slave
  3256 | D:4      | Killed a slave
  3345 | D:4      | Noticed a slave
  3356 | D:4      | Killed Pikel
  3356 | D:4      | Reached skill level 5 in Fighting
  3356 | D:4      | Reached XP level 7. HP: 61/61 MP: 6/6
  3547 | D:4      | Reached XP level 8. HP: 70/70 MP: 7/7
  3918 | D:4      | Reached skill level 6 in Fighting
  4346 | D:4      | Found a blossoming altar of Fedhas.
  4458 | D:5      | Entered Level 5 of the Dungeon
  4491 | D:5      | Reached **** piety under Trog
  4520 | D:5      | Found a hazy altar of Hepliaklqana.
  4538 | D:5      | Found Foej's Antique Weapon Emporium.
  5338 | D:6      | Identified Xifuakupi's Tome of Poisoning and Summoning
  5496 | D:6      | Reached XP level 9. HP: 78/78 MP: 8/8
  5641 | D:6      | Reached skill level 5 in Armour
  5687 | D:6      | Reached skill level 7 in Fighting
  6007 | D:6      | Found a stormy altar of Qazlal.
  6276 | D:7      | Found a staircase to the Ecumenical Temple.
  6331 | D:7      | Found Wipn's Antique Weapon Shoppe.
  6436 | D:7      | Received a gift from Trog
  6488 | D:7      | Found Zugovi's General Store.
  6527 | D:7      | Bought a scroll of identify for 26 gold pieces
  6527 | D:7      | Bought a scroll of identify for 26 gold pieces
  6527 | D:7      | Bought a potion of curing for 39 gold pieces
  6576 | D:7      | Found Toiqos's Antique Armour Emporium.
  6752 | D:7      | Found Xeitruc's Magic Scroll Boutique.
  6758 | D:7      | Bought a scroll of blinking for 105 gold pieces
  6986 | D:8      | Noticed Psyche
  6991 | D:8      | Killed Psyche
  7012 | D:8      | Reached skill level 1 in Throwing
  7058 | D:8      | Received a gift from Trog
  7238 | D:8      | Found a staircase to the Lair.
  7291 | D:8      | Noticed a two-headed ogre
  7308 | D:8      | Killed a two-headed ogre
  7308 | D:8      | Reached skill level 10 in Maces & Flails
  7336 | D:8      | Reached XP level 10. HP: 75/86 MP: 9/9
  7427 | D:8      | Noticed a two-headed ogre
  7435 | D:8      | Killed a two-headed ogre
  7576 | Lair:1   | Entered Level 1 of the Lair of Beasts
  7682 | Lair:1   | Reached skill level 8 in Fighting
  8105 | Lair:1   | Received a gift from Trog
  8156 | Lair:1   | Noticed a spiny frog
  8175 | Lair:1   | Killed a spiny frog
  8226 | Lair:1   | Noticed a four-headed hydra
  8233 | Lair:1   | Killed a four-headed hydra
  8233 | Lair:1   | Reached skill level 10 in Slings
  8585 | Lair:2   | Reached XP level 11. HP: 82/95 MP: 10/10
  8769 | Lair:2   | Reached skill level 9 in Fighting
  8817 | Lair:2   | Found a hole to the Spider Nest.
  8823 | Lair:2   | Noticed a wolf spider
  8837 | Lair:2   | Killed a wolf spider
 10200 | Lair:3   | Noticed a five-headed hydra
 10210 | Lair:3   | Killed a five-headed hydra
 10230 | Lair:3   | Noticed a swamp dragon
 10245 | Lair:3   | Killed a swamp dragon
 10502 | Lair:3   | Reached skill level 10 in Fighting
 10587 | Lair:3   | Noticed an eight-headed hydra
 10601 | Lair:3   | Killed an eight-headed hydra
 10615 | Lair:3   | Received a gift from Trog
 10779 | Lair:3   | Noticed an eight-headed hydra
 10795 | Lair:3   | Killed an eight-headed hydra
 10795 | Lair:3   | Reached XP level 12. HP: 107/107 MP: 11/11
 11387 | Lair:3   | Noticed a six-headed hydra
 11402 | Lair:3   | Killed a six-headed hydra
 11402 | Lair:3   | Reached skill level 11 in Fighting
 11647 | Lair:3   | Found a staircase to the Swamp.
 11754 | Lair:3   | Noticed a death yak
 11754 | Lair:3   | Noticed a death yak
 11757 | Lair:3   | Noticed a death yak
 11757 | Lair:3   | Noticed a death yak
 11786 | Lair:3   | Killed a death yak
 11790 | Lair:3   | Killed a death yak
 11795 | Lair:3   | Killed a death yak
 11795 | Lair:3   | Reached skill level 10 in Armour
 11800 | Lair:3   | Killed a death yak
 12158 | Lair:4   | Noticed Harold
 12171 | Lair:4   | Killed Harold
 12272 | Lair:4   | Reached skill level 12 in Fighting
 12842 | Lair:4   | Reached ***** piety under Trog
 12876 | Lair:4   | Reached XP level 13. HP: 119/119 MP: 12/12
 13458 | Lair:4   | Reached skill level 1 in Evocations
 13896 | Lair:5   | Received a gift from Trog
 14066 | Lair:5   | Reached skill level 13 in Fighting
 14528 | Lair:5   | Got a slimy hand axe
 14529 | Lair:5   | Identified the cursed +0 hand axe of Ymu Vaas {flame, rN++ Stlth+} (You found it on level 5 of the Lair of Beasts)
 14743 | Lair:6   | Entered Level 6 of the Lair of Beasts
 14864 | Lair:6   | Found a viscous altar of Jiyva.
 14964 | Lair:6   | Found a staircase to the Slime Pits.
 14981 | Lair:6   | Lost mutation: Your spells are a little harder to cast, but a little more powerful. [potion of mutation]
 14981 | Lair:6   | Lost mutation: Your mind is acute. (Int +2) [potion of mutation]
 14981 | Lair:6   | Lost mutation: You are covered in fur. (AC +1) [potion of mutation]
 14981 | Lair:6   | Gained mutation: You possess an exceptional clarity of mind. [potion of mutation]
 14981 | Lair:6   | Gained mutation: You are clumsy. (Dex -2) [potion of mutation]
 14981 | Lair:6   | Gained mutation: You occasionally shout uncontrollably at your foes. [potion of mutation]
 14981 | Lair:6   | Lost mutation: You are clumsy. (Dex -2) [potion of mutation]
 15108 | Lair:6   | Received a gift from Trog
 15276 | Lair:6   | Received a gift from Trog
 15398 | Lair:6   | Reached skill level 1 in Shields
 15410 | Lair:6   | Found a hide-covered altar of Uskayaw.
 15482 | Lair:6   | Got a brightly glowing scale mail
 15493 | Lair:6   | Identified the +5 scale mail of Trumpets {*Drain +Fly Int+10 Slay-2} (You found it on level 6 of the Lair of Beasts)
 15850 | Lair:6   | Reached skill level 14 in Fighting
 16219 | Lair:6   | Reached skill level 15 in Maces & Flails
 16229 | Lair:6   | Noticed a dire elephant
 16229 | Lair:6   | Noticed a dire elephant
 16257 | Lair:6   | Killed a dire elephant
 16264 | Lair:6   | Killed a dire elephant
 16264 | Lair:6   | Reached XP level 14. HP: 61/132 MP: 15/15
 16364 | Lair:6   | Identified Sif Muna's Incunabulum of Twisted Snow
 16620 | Lair:6   | Received a gift from Trog
 16781 | Lair:6   | Noticed Rupert
 16954 | Lair:6   | Killed Rupert
 17039 | Lair:6   | Received a gift from Trog
 17149 | Lair:6   | Identified a scroll of acquirement
 17150 | Lair:6   | Got a heavily runed pewter ring
 17152 | Lair:6   | Identified the ring of Iroij {rF+ Int+4} (You acquired it on level 6 of the Lair of Beasts)
 17375 | Lair:6   | Got a smoking great sword
 17381 | Lair:6   | Identified the +10 great sword "Ogrebane" {speed, *Slow +Inv Dex+5} (You found it on level 6 of the Lair of Beasts)
 17823 | D:9      | Received a gift from Trog
 17928 | D:9      | Found a staircase to the Orcish Mines.
 18065 | D:9      | Found a snail-covered altar of Cheibriados.
 19078 | D:10     | Entered Level 10 of the Dungeon
 19097 | D:10     | Reached skill level 5 in Evocations
 19202 | D:10     | Received a gift from Trog
 19988 | D:10     | Lost mutation: You possess an exceptional clarity of mind. [potion of mutation]
 19988 | D:10     | Lost mutation: You occasionally shout uncontrollably at your foes. [potion of mutation]
 19988 | D:10     | Gained mutation: Your magical capacity is low. (-10% MP) [potion of mutation]
 19988 | D:10     | Lost mutation: Your magical capacity is low. (-10% MP) [potion of mutation]
 19988 | D:10     | Gained mutation: You passively map a small area around you. [potion of mutation]
 20392 | D:11     | Received a gift from Trog
 20725 | D:11     | Reached skill level 15 in Fighting
 20970 | D:11     | Received a gift from Trog
 21766 | D:11     | Reached skill level 15 in Slings
 22890 | D:12     | Received a gift from Trog
 23158 | D:12     | Noticed Azrael
 23188 | D:12     | Killed Azrael
 23461 | D:12     | Noticed Josephine
 23469 | D:12     | Killed Josephine
 23469 | D:12     | Reached XP level 15. HP: 130/141 MP: 18/18
 24050 | D:13     | Found a gate to the Vaults.
 24216 | D:13     | Got a fine hunting sling
 24217 | D:13     | Identified the +8 hunting sling of World's End {speed, Str-5 Int+3 Dex+2 SInv} (You acquired it on level 13 of the Dungeon)
 24221 | D:13     | Got a steaming scarf
 24232 | D:13     | Identified the scarf of Beyond {Int+2 Dex+7} (You acquired it on level 13 of the Dungeon)
 24612 | D:13     | Reached skill level 5 in Dodging
 25237 | D:13     | Received a gift from Trog
 25241 | D:13     | Reached skill level 5 in Shields
 25731 | D:13     | Found a portal to a secret trove of treasure.
 26167 | D:14     | Received a gift from Trog
 26349 | D:14     | Found a frozen archway.
 26393 | IceCv    | Entered an ice cave
 27026 | IceCv    | Reached skill level 16 in Fighting
 27226 | IceCv    | Noticed a frost giant
 27236 | IceCv    | Killed a frost giant
 27322 | IceCv    | Identified the Incunabulum of the Snowflakes
 27881 | D:15     | Entered Level 15 of the Dungeon
 27965 | D:15     | Received a gift from Trog
 28014 | D:15     | Noticed Nessos
 28027 | D:15     | Killed Nessos
 28387 | D:15     | Noticed ikselatri's ghost (journeyman MiBe)
 28420 | D:15     | Killed ikselatri's ghost
 28611 | D:15     | Received a gift from Trog
 28708 | D:15     | Reached XP level 16. HP: 148/151 MP: 20/20
 28749 | D:15     | Noticed Kirke
 28761 | D:15     | Killed Kirke
 29093 | D:15     | Found a staircase to the Depths.
 29181 | D:15     | Found a bloodstained altar of Trog.
 29720 | Orc:1    | Entered Level 1 of the Orcish Mines
 29723 | Orc:1    | Received a gift from Trog
 30001 | Orc:1    | Received a gift from Trog
 30190 | Orc:1    | Noticed Nergalle
 30197 | Orc:1    | Noticed Maurice
 30197 | Orc:1    | Killed Nergalle
 30206 | Orc:1    | Killed Maurice
 30643 | Orc:2    | Entered Level 2 of the Orcish Mines
 30706 | Orc:2    | Found a staircase to the Elven Halls.
 30840 | Orc:2    | Found Iggoif's Food Boutique.
 31060 | Orc:2    | Reached skill level 17 in Fighting
 31159 | Orc:2    | Found Suihy's Assorted Antiques.
 31162 | Orc:2    | Found Ufem's Armour Shop.
 31189 | Orc:2    | Found Ami Vif's Weapon Emporium.
 31242 | Orc:2    | Found Fin Ollo's Antique Weapon Boutique.
 31286 | Orc:2    | Noticed Sharkie's ghost (journeyman MiFi)
 31306 | Orc:2    | Killed Sharkie's ghost
 31994 | Spider:1 | Entered Level 1 of the Spider Nest
 32753 | Spider:1 | Received a gift from Trog
 32987 | Spider:1 | Got a faintly humming scale mail
 32998 | Spider:1 | Identified the cursed +0 scale mail of Ygumipus {rElec Int-2 Dex+3} (You found it on level 1 of the Spider Nest)
 33066 | Spider:1 | Slain by a redback

Skill      XL: |  1  2  3  4  5  6  7  8  9 10 11 12 13 14 15 16 |
---------------+-------------------------------------------------+-----
Maces & Flails | 4 5 6 7 10 12 13 14 15 16 | 16.8
Stealth        | 1 2 |  2.6
Slings         | 1 3 6 8 10 11 13 14 15 | 15.0
Fighting       | 4 5 6 7 8 10 12 14 15 16 17 | 17.4
Armour         | 3 4 7 8 9 10 11 13 14 | 14.2
Throwing       | 1 |  1.3
Evocations     | 3 6 7 8 |  8.2
Dodging        | 3 4 5 7 |  7.8
Shields        | 1 3 6 8 |  8.0

Action                   |  1- 3 |  4- 6 |  7- 9 | 10-12 | 13-15 | 16-18 || total
-------------------------+-------+-------+-------+-------+-------+-------++-------
Melee: Mace              |    27 |    73 |     1 |       |       |       ||   101
       Headbutt          |     2 |    13 |    44 |    76 |   207 |    82 ||   424
       Whip              |       |       |   196 |   331 |   375 |       ||   902
       Morningstar       |       |       |       |       |   353 |   261 ||   614
 Fire: Hunting sling     |    24 |    86 |   121 |   312 |  1058 |   319 ||  1920
       Blowgun           |       |       |     3 |     3 |       |       ||     6
Throw: Stone             |       |       |       |     6 |    20 |     6 ||    32
Invok: Berserk           |     1 |     1 |       |     1 |     4 |     2 ||     9
       Trog's Hand       |       |       |     4 |     4 |     9 |     6 ||    23
       Burn Spellbooks   |       |       |     1 |       |       |     1 ||     2
       Brothers in Arms  |       |       |       |     2 |     4 |       ||     6
Evoke: Wand              |       |       |     2 |     3 |    47 |     9 ||    61
       Box of beasts     |       |       |       |       |     2 |       ||     2
  Use: Scroll            |     9 |     4 |     7 |     8 |    23 |     5 ||    56
       Potion            |     1 |     4 |     3 |     4 |     4 |     4 ||    20
  Eat: Chunk             |     2 |     6 |    15 |    20 |    48 |    16 ||   107
       Fruit             |       |       |       |       |     4 |     1 ||     5
       Bread ration      |       |       |       |       |     1 |       ||     1
Armor: Animal skin       |    16 |     1 |       |       |       |       ||    17
       Scale mail        |       |    36 |     4 |       |       |       ||    40
       Chain mail        |       |       |    81 |     7 |   116 |       ||   204
       Skin              |       |       |     2 |       |     5 |       ||     7
       Plate armour      |       |       |       |    48 |    56 |   113 ||   217
       Swamp dragon scal |       |       |       |    40 |    96 |       ||   136
Dodge: Dodged            |    30 |    43 |    90 |    85 |   242 |   130 ||   620
Block: Buckler           |       |       |       |       |    88 |    65 ||   153
